AoeStats
← Mr.Wölker

Pilgrims

507979819Analyzed
2v2 RM · 13d ago on Sep 20, 2026· 29m 6s· 4 players
Game mode
Random Map
Map size
Medium (4 player)
Population
200
Speed
Normal
Resources
Standard
Victory
Conquest
Starting age
Dark Age
Ending age
Imperial Age
RankedLock teamsTeams togetherTeam positionsShared explorationLock speedFull tech treeHidden civsTurbo modeCheats
Victory
Defeat
🇸🇪 Koreans · Sweden
1218
+12
🇸🇪 Franks · Sweden
1030
+20
🇨🇳 Celts · China
1150
-17
🇨🇳 Saracens · China
1092
-15
Dio
13:13 Feudal Age
13:53 Double-Bit Axe
18:13 Castle Age
16:18 Fishing Lines
17:40 Loom
19:27 Fletching
23:55 Wheelbarrow
24:00 Scale Barding Armor
27:10 Forging
27:20 Chain Barding Armor
28:49 Iron Casting
28:51 Gillnets
猪队友怕不怕
5:21 Loom
12:35 Feudal Age
14:36 Double-Bit Axe
17:02 Wheelbarrow
19:18 Castle Age
23:15 Castle Age
Nämen Oj
7:57 Loom
10:45 Feudal Age
14:20 Castle Age
15:43 Fletching
16:22 Bodkin Arrow
16:29 Gold Mining
Mr.Wölker
12:24 Feudal Age
10:43 Loom
12:32 Feudal Age
16:53 Castle Age
14:51 Double-Bit Axe
19:23 Bow Saw
23:15 Gold Mining
23:16 Stone Mining
25:07 Wheelbarrow
24:27 Town Watch
25:24 Scale Barding Armor
25:29 Forging
25:58 Husbandry
Connection lost

Rejoining the realm…

Still unreachable

The connection could not be restored.

Session expired

The server has moved on; the page needs a fresh start.